Cogmind - Beta 10.1 @@@ ROGUE MODE // 2020.09.24 @ 09:35:33 Player: 3.14 Result: Self-destructed Performance ------------- Evolutions (2) 1000 Regions Visited (5) 1000 Robots Destroyed (35) 175 Value Destroyed (827) 827 Prototype IDs (0) 0 Alien Tech Used (0) 0 Bonus (0) 0 TOTAL SCORE: 3002 Bonus ------- None Cogmind --------- Core Integrity 352/550 Matter 196/300 Energy 81/100 System Corruption 0% Temperature Cool (0) Movement Walking (390) Ox9 Location -8/Materials Parts ------- > --- POWER (1) -------- (None) > --- PROPULSION (3) --- Aluminum Leg > --- UTILITY (5) ------ Heat Sink High-capacity Storage Unit High-capacity Storage Unit High-capacity Storage Unit > --- WEAPON (2) ------- Light Assault Rifle Light Assault Rifle > --- INVENTORY (28) --- Light Treads Light Treads Light Treads Light Treads Light Treads Light Treads Light Treads Aluminum Leg Aluminum Leg Aluminum Leg High-capacity Matter Pod (131) Experimental Sensor Array Light Armor Plating Assault Rifle Light Assault Rifle Light Assault Rifle Rocket Launcher Mining Laser Peak State ------------ > --- POWER ------------ Light Nuclear Core > --- PROPULSION ------- Aluminum Leg Aluminum Leg Aluminum Leg > --- UTILITY ---------- Heat Sink Heat Sink High-capacity Storage Unit High-capacity Storage Unit High-capacity Storage Unit > --- WEAPON ----------- Assault Rifle Heavy Assault Rifle > --- INVENTORY -------- Light Treads Light Treads Light Treads Light Treads Light Treads Light Treads Light Treads Aluminum Leg Aluminum Leg Aluminum Leg Aluminum Leg High-capacity Matter Pod Experimental Sensor Array Assault Rifle Light Assault Rifle Light Assault Rifle Light Assault Rifle Light Assault Rifle Light Assault Rifle Light Assault Rifle Rocket Launcher Mining Laser [Rating: 16] Favorites ----------- Power Light Ion Engine Engine Light Ion Engine Power Core Light Nuclear Core Propulsion Light Treads Treads Light Treads Leg Aluminum Leg Utility High-capacity Storage Unit Device Heat Sink Storage High-capacity Storage Unit Weapon Light Assault Rifle Ballistic Gun Light Assault Rifle Launcher Rocket Launcher Special Weapon Mining Laser Build | -11 -10 -10 -10 -9 -8 ------- Run | Scr Mat Min Exi Min Mat Slots Evolved 4 | . . . . . 4 Power . | . . . . . . Propulsion 1 | . . . . . 1 Utility 3 | . . . . . 3 Weapon . | . . . . . . Parts Attached 35 | 6 2 2 2 3 20 Power 3 | 1 . 1 . . 1 Engine 2 | 1 . 1 . . . Core 1 | . . . . . 1 Reactor . | . . . . . . Propulsion 10 | 2 . . . 2 6 Treads 2 | 2 . . . . . Leg 8 | . . . . 2 6 Wheel . | . . . . . . Hover . | . . . . . . Flight . | . . . . . . Utility 9 | 1 2 . 2 . 4 Device 3 | . . . . . 3 Storage 6 | 1 2 . 2 . 1 Processor . | . . . . . . Hackware . | . . . . . . Protection . | . . . . . . Artifact . | . . . . . . Weapon 13 | 2 . 1 . 1 9 Energy Gun . | . . . . . . Energy Cannon . | . . . . . . Ballistic Gun 10 | 2 . . . 1 7 Ballistic Cannon . | . . . . . . Launcher 2 | . . . . . 2 Special Weapon 1 | . . 1 . . . Impact Weapon . | . . . . . . Slashing Weapon . | . . . . . . Piercing Weapon . | . . . . . . Special Melee Weapon . | . . . . . . Unidentified Prototypes . | . . . . . . Parts Lost 13 | . . 1 . . 12 Power 3 | . . 1 . . 2 Propulsion 6 | . . . . . 6 Utility 2 | . . . . . 2 Weapon 2 | . . . . . 2 Highest Loss Streak 6 | . . 1 . . 6 Average Slot Usage (%) 96 | . 93 100 100 100 90 Engine 12 | . 14 14 14 14 4 Treads 19 | . 28 28 28 10 . Leg 8 | . . . . 17 26 Device 2 | . . . . . 12 Storage 26 | . 21 28 28 28 27 Ballistic Gun 22 | . 28 23 14 24 17 Special Weapon 3 | . . 4 14 3 . Naked Turns . | . . . . . . Heaviest Build 108 | 12 72 72 69 70 108 Greatest Support 40 | 40 40 40 40 40 30 Greatest Overweight (x) 3 | . 1 1 1 3 3 Average Overweight (x) 1 | . . 1 1 2 3 Largest Inventory Capacity 28 | 6 20 20 20 20 28 Average Capacity 19 | 5 13 20 20 20 28 Most Carried 23 | 4 14 15 17 18 23 Average Carried 13 | 3 7 13 14 16 19 Final Capacity 28 | 6 20 20 20 20 28 Final Carried 18 | 4 14 15 14 18 18 Class Distribution -------------------- 83% | Hauler-Mutant 12% | Mutant 3% | Scavenger-Mutant Dominant Class ---------------- Hauler-Mutant | -10/Materials Hauler-Mutant | -10/Mines Hauler-Mutant | -10/Exiles Hauler-Mutant | -9/Mines Hauler-Mutant | -8/Materials Resources | -11 -10 -10 -10 -9 -8 ----------- Run | Scr Mat Min Exi Min Mat Matter Collected 1049 | 276 112 190 . 59 412 Remotely . | . . . . . . Salvage Created 1127 | 88 236 44 . 49 710 Parts 68 | 1 23 . . 4 40 Haulers Intercepted 2 | . 1 . . . 1 Recyclers Shooed 3 | . . . . . 3 Parts Field Recycled . | . . . . . . Retrieved Matter . | . . . . . . Parts Self-Destructed . | . . . . . . Prevented . | . . . . . . Kills | -11 -10 -10 -10 -9 -8 ------- Run | Scr Mat Min Exi Min Mat Combat Hostiles Destroyed 28 | . 6 1 . 3 18 Guns 22 | . 6 1 . 3 12 AOE 6 | . . . . . 6 Classes Destroyed 9 | 1 5 . . . 3 Worker 1 | . . . . . 1 Builder 2 | . 1 . . . 1 Hauler 2 | . 1 . . . 1 Recycler 1 | 1 . . . . . Watcher 1 | . 1 . . . . Swarmer 13 | . 3 . . 3 7 Grunt 10 | . 3 1 . . 6 Brawler 1 | . . . . . 1 Sentry 4 | . . . . . 4 Best Kill Streak 7 | 1 3 1 . 3 7 Combat Bots Only 6 | . 3 1 . 3 6 Max Kills in Single Turn 4 | 1 1 1 . 2 4 Gunslinging 1 | . . . . 1 . Exploded 3 | . . . . . 3 Melee . | . . . . . . Uniques/NPCs Destroyed . | . . . . . . Combat | -11 -10 -10 -10 -9 -8 -------- Run | Scr Mat Min Exi Min Mat Damage Taken 2149 | . 212 269 . 84 1584 Core 267 | . 12 43 . 14 198 Absorbed by Shields . | . . . . . . Core Remaining (%) 86 | 100 . . . 72 . Volleys Fired 113 | 4 24 12 . 5 68 Largest 2 | 2 2 2 . 2 2 Hottest 100 | 40 40 100 . 40 43 Shots Fired 221 | 8 48 23 . 10 132 Gun 217 | 8 48 22 . 10 129 Cannon . | . . . . . . Launcher 3 | . . . . . 3 Special 1 | . . 1 . . . Kinetic 217 | 8 48 22 . 10 129 Thermal 1 | . . 1 . . . Explosive 3 | . . . . . 3 Electromagnetic . | . . . . . . Robot Hit Streak 15 | 2 9 8 . 6 15 Robot Miss Streak 5 | 2 4 2 . 1 5 Penetration Max . | . . . . . . Secondary Targets 4 | . . . . 1 3 Max Gunslinging Chain 1 | . . . . 1 1 Shots Hit Robots 151 | 4 31 15 . 8 93 Core Hits 68 | 2 15 5 . 3 43 Critical Hits 1 | . . . . 1 . Critical Kills . | . . . . . . Critical Parts Destroyed 1 | . . . . 1 . Melee Attacks . | . . . . . . Impact . | . . . . . . Slashing . | . . . . . . Piercing . | . . . . . . Sneak Attacks . | . . . . . . Combat Hostiles . | . . . . . . Follow-up Attacks . | . . . . . . Damage Inflicted 2301 | 45 319 150 . 77 1710 Guns 1698 | 45 308 126 . 77 1142 Cannons . | . . . . . . Explosions 564 | . . . . . 564 Melee . | . . . . . . Ramming 39 | . 11 24 . . 4 Kinetic 1698 | 45 308 126 . 77 1142 Thermal . | . . . . . . Explosive 564 | . . . . . 564 Electromagnetic . | . . . . . . Impact . | . . . . . . Slashing . | . . . . . . Piercing . | . . . . . . Highest Corruption . | . . . . . . Average Corruption . | . . . . . . Corruption Purged . | . . . . . . Overload Shots . | . . . . . . Overflow Damage 22 | . . . . . 22 Projectiles . | . . . . . . Explosions 22 | . . . . . 22 Melee . | . . . . . . Knockbacks . | . . . . . . Impact . | . . . . . . Kinetic . | . . . . . . Secondary . | . . . . . . Self-Inflicted Damage . | . . . . . . Shots . | . . . . . . Rammed 4 | . 2 2 . . . Targets Rammed 5 | . 2 2 . . 1 Kicked 1 | . . . . . 1 Crushed . | . . . . . . Highest Temperature 20 | . 9 20 . . . Average Temperature 8 | . 7 9 . . . Received Heat Transfer 735 | . 99 159 . . 477 Siege Activations . | . . . . . . Robots Corrupted . | . . . . . . Combat Hostiles . | . . . . . . Parts Fried . | . . . . . . Impact Corruptions . | . . . . . . Robots Melted . | . . . . . . Combat Hostiles . | . . . . . . Parts Melted . | . . . . . . Heat Transferred . | . . . . . . Parts Sabotaged . | . . . . . . Parts Stolen . | . . . . . . Parts Stripped . | . . . . . . Power Chain Reactions . | . . . . . . Missiles Intercepted . | . . . . . . Alert | -11 -10 -10 -10 -9 -8 ------- Run | Scr Mat Min Exi Min Mat Peak Influence 370 | 5 187 30 . 70 370 Initial 27 | . 3 . . . 27 Average 87 | 1 88 13 . 51 235 Maximum Alert Level 1 | . . . . . 1 Low Security (%) 82 | 100 100 100 . 100 28 Level 1 17 | . . . . . 71 Level 2 . | . . . . . . Level 3 . | . . . . . . Level 4 . | . . . . . . Level 5 . | . . . . . . High Security . | . . . . . . Max Security . | . . . . . . Squads Dispatched 2 | . 1 . . . 1 Investigation . | . . . . . . Extermination . | . . . . . . Reinforcement 2 | . 1 . . . 1 Assault . | . . . . . . Garrison . | . . . . . . Intercept . | . . . . . . Construction Impeded 1 | . . . . . 1 Haulers Reinforced . | . . . . . . Stealth | -11 -10 -10 -10 -9 -8 --------- Run | Scr Mat Min Exi Min Mat Distress Signals 6 | . 3 . . . 3 Communications Jammed . | . . . . . . Distress Signals . | . . . . . . Times Spotted 43 | . 12 2 . 4 25 Peak Tracking Total 7 | . 4 2 . 4 7 Tactical Retreats 2 | . . 1 . . 1 Traps | -11 -10 -10 -10 -9 -8 ------- Run | Scr Mat Min Exi Min Mat Traps Triggered . | . . . . . . Indirectly . | . . . . . . Trap Hack Attempts . | . . . . . . Triggered . | . . . . . . Disarmed . | . . . . . . Reprogrammed . | . . . . . . Reused . | . . . . . . Traps Extracted . | . . . . . . Installed . | . . . . . . Triggered . | . . . . . . Machines | -11 -10 -10 -10 -9 -8 ---------- Run | Scr Mat Min Exi Min Mat Machines Disabled . | . . . . . . Max in Single Turn . | . . . . . . Machines Sabotaged . | . . . . . . Garrisons Compromised . | . . . . . . Overloaded Fab Kills . | . . . . . . Fab Network Shutdowns . | . . . . . . Hacking | -11 -10 -10 -10 -9 -8 --------- Run | Scr Mat Min Exi Min Mat Machines Accessed 3 | . 1 . 1 . 1 Terminals 2 | . 1 . . . 1 Fabricators . | . . . . . . Repair Stations . | . . . . . . Recycling Units . | . . . . . . Scanalyzers . | . . . . . . Garrison Access . | . . . . . . Total Hacks 12 | . 8 . 1 . 3 Successful 5 | . 4 . 1 . . Failed 7 | . 4 . . . 3 Catastrophic 1 | . . . . . 1 Database Lockouts . | . . . . . . Manual 11 | . 8 . . . 3 Terminals 11 | . 8 . . . 3 Fabricators . | . . . . . . Repair Stations . | . . . . . . Recycling Units . | . . . . . . Scanalyzers . | . . . . . . Garrison Access . | . . . . . . Terminal Hacks 5 | . 4 . 1 . . Record 1 | . . . 1 . . Part Schematic 1 | . 1 . . . . Robot Analysis 2 | . 2 . . . . Unreport Threat 1 | . 1 . . . . Fabricator Hacks . | . . . . . . Repair Station Hacks . | . . . . . . Recycling Unit Hacks . | . . . . . . Scanalyzer . | . . . . . . Garrison Access Hacks . | . . . . . . Unauthorized Hacks . | . . . . . . Terminals . | . . . . . . Fabricators . | . . . . . . Repair Stations . | . . . . . . Recycling Units . | . . . . . . Scanalyzers . | . . . . . . Garrison Access . | . . . . . . Data Cores Recovered . | . . . . . . Used . | . . . . . . Hacking Detections 2 | . 1 . . . 1 Full Trace Events . | . . . . . . Feedback Events . | . . . . . . Feedback Blocked . | . . . . . . Robot Schematics Acquired . | . . . . . . Robots Built . | . . . . . . Matter . | . . . . . . Time . | . . . . . . Total Robot Build Rating . | . . . . . . Part Schematics Acquired 1 | . 1 . . . . Parts Built . | . . . . . . Matter . | . . . . . . Time . | . . . . . . Total Part Build Rating . | . . . . . . Parts Repaired . | . . . . . . Time . | . . . . . . Parts Recycled . | . . . . . . Recycled Matter . | . . . . . . Retrieved Matter . | . . . . . . Retrieved Components . | . . . . . . Parts Scanalyzed . | . . . . . . Part Schematics Acquired . | . . . . . . Parts Damaged . | . . . . . . Bothacking | -11 -10 -10 -10 -9 -8 ------------ Run | Scr Mat Min Exi Min Mat Used RIF Installer . | . . . . . . Robots Hacked . | . . . . . . Non-combat . | . . . . . . Combat . | . . . . . . Robot Hacks Applied . | . . . . . . Relay Couplers Released . | . . . . . . Robots Rewired . | . . . . . . Allies Hacked . | . . . . . . Hacks Repelled . | . . . . . . Allies | -11 -10 -10 -10 -9 -8 -------- Run | Scr Mat Min Exi Min Mat Total Allies . | . . . . . . Largest Group . | . . . . . . Highest-Rated Group . | . . . . . . Highest-Rated Ally . | . . . . . . Total Orders . | . . . . . . Ally Attacks . | . . . . . . Total Damage . | . . . . . . Kills . | . . . . . . Allies Corrupted . | . . . . . . Allies Melted . | . . . . . . Intel | -11 -10 -10 -10 -9 -8 ------- Run | Scr Mat Min Exi Min Mat Robot Analysis Total 2 | . 2 . . . . Derelict Logs Recovered . | . . . . . . Drone Launches . | . . . . . . Drone Recoveries . | . . . . . . Exploration | -11 -10 -10 -10 -9 -8 ------------- Run | Scr Mat Min Exi Min Mat Turns Passed 2322 | 120 413 680 322 305 482 Spaces Moved 1045 | 61 194 354 177 143 116 Core 1 | 1 . . . . . Treads 840 | 60 194 354 177 55 . Legs 204 | . . . . 88 116 Wheels . | . . . . . . Hover . | . . . . . . Flight . | . . . . . . Fastest Speed 50 | 50 160 180 180 180 210 Average Speed 182 | 158 170 180 180 198 210 Slowest Speed 210 | 160 180 180 180 210 210 Overloaded Moves . | . . . . . . Propulsion Burnouts . | . . . . . . Robots Hopped . | . . . . . . Cave-ins Triggered . | . . . . . . Exploration Rate (%) 35 | 5 31 65 59 39 14 Regions Visited 5 Branch Regions 3 Pre-discovered Areas 1 | . . . 1 . . Known Exits Taken . | . . . . . . Unknown Exits Taken 5 | 1 1 1 1 1 . Scrap Searched 1 | . . 1 . . . Spaces Dug 1 | . . 1 . . . Terrain Destroyed 33 | . . 1 . . 32 Melee . | . . . . . . Projectile 1 | . . 1 . . . AOE 32 | . . . . . 32 Terrain Rammed . | . . . . . . Walls Destroyed . | . . . . . . Machines Disabled . | . . . . . . Actions | -11 -10 -10 -10 -9 -8 --------- Run | Scr Mat Min Exi Min Mat Total 1236 | 74 232 372 181 154 223 Wait 8 | . 2 1 . . 5 Move 1040 | 60 193 353 176 142 116 Hop . | . . . . . . Pick Up 30 | 4 9 2 . 4 11 Fast Attach 9 | 6 1 . . . 2 Attach 13 | . . 1 . . 12 Detach . | . . . . . . Swap 13 | . 1 1 2 3 6 Drop 5 | . . . 3 . 2 Fire 113 | 4 24 12 . 5 68 Melee . | . . . . . . Ram . | . . . . . . Kick 1 | . . . . . 1 Crush 4 | . 2 2 . . . Escape Stasis . | . . . . . . Rewire . | . . . . . . Trap . | . . . . . . Miscellaneous . | . . . . . . Route ------- -11/Scrapyard -10/Materials (discovered 2 exits: [*Min x2]) -10/Mines -10/Exiles -9/Mines -8/Materials History --------- Turn | Location | Event 27 | -11/Scrapyard | Discovered new exit (range 14) 121 | -11/Scrapyard | Entered Materials 121 | -10/Materials | Discovered new exit (range 7) 281 | -10/Materials | Discovered new exit (range 14) 534 | -10/Materials | Entered Mines 538 | -10/Mines | Met a Derelict bent on vengeance 611 | -10/Mines | Build established: Hauler-Mutant 1186 | -10/Mines | Found a damaged Exp. Sensor Array with a note attached 1193 | -10/Mines | Found Prototype Device 1207 | -10/Mines | Deemed a non-threat by the Exiles lab entrance 1207 | -10/Mines | Discovered new exit (range 5) 1214 | -10/Mines | Entered Exiles 1258 | -10/Exiles | Met 8R-AWN 1288 | -10/Exiles | Met EX-HEX 1386 | -10/Exiles | Met EX-DEC 1426 | -10/Exiles | Met EX-BIN 1457 | -10/Exiles | Learned location of Zion (-7) 1521 | -10/Exiles | Discovered new exit (range 10) 1536 | -10/Exiles | Entered Mines 1809 | -9/Mines | Received a Rocket Launcher from a helpful Derelict 1830 | -9/Mines | Discovered new exit (range 6) 1841 | -9/Mines | Entered Materials 1841 | -8/Materials | Evolved 4 slots: Propulsion x1, Utility x3 2323 | -8/Materials | Self-destructed Last Messages --------------- 02305_ Aluminum Leg destroyed. 02306_ U-05 Engineer builds a Wall. 02308_ Slug penetrates Wall. 02308_ Penetrated by Slug. 02310_ U-05 Engineer builds a Wall. 02311_ Slug penetrates Wall. 02311_ Penetrated by Slug. 02311_ Lgt. Assault Rifle destroyed. 02311_ U-05 Engineer destroyed. 02312_ K-01 Serf collects debris. 02313_ U-05 Engineer builds a Wall. 02314_ Lgt. Assault Rifle destroyed. 02314_ U-05 Engineer builds a Wall. 02317_ Penetrated by Slug. 02317_ Aluminum Leg destroyed. 02318_ U-05 Engineer lays Concrete. 02320_ Penetrated by Slug. 02320_ U-05 Engineer destroyed. 02322_ U-05 Engineer builds a Wall. 02323_ Aluminum Leg destroyed. Map ----- +----------------------------------------------------+ | ?????????????????????????????????????????????????? | | ?????????????????????????????????????????????????? | | ?????????????????????????????????????????????????? | | ?????????????????????????????????????????????????? | | ?????????????????????????????????????????????????? | | ?????????????????????????????????????????????????? | | ?????????????????????????????????????????????????? | | ?????????????????????????????????????????????????? | | ?????????????????????????????????????????????????? | | ?????????????????????????????????????????????????? | | ?????????????????????????????????????????????????? | | ?????????????????????????????????????????????????? | | ?????????????????????????????????????????????????? | | ?????????????????????????????????????????????????? | | ?????????????????????????????????????????????????? | | ????????????????????????????????? ??###????????? | | ????????????????????????????????+ #? ???????? | | ????????????????????????????????# #? ???????? | | ????????????????????????????????# ## ???????? | | ????????????????????????????????# ## #???????? | | ????????????????????????#+#?????# ## #???????? | | ????????????????????????# #?????# ## #???????? | | ?????????????# ??????# #?????# ## #???????# | | ?????????????# ?????#h#?????# ## #??????T | | ?????????????# !!* ???# #?????# ## #????? | | ?????????????# !!* ??#@####??# ## #????# | | ?????????? !** ##!## #?## ## #????# ] | | ?????????????# [ #!# ### # #????# | | ?????????????# #=h #????# | | ?????????????# [ *!! T ! #????#] | | ?????????????########## #u ###### | | ??????????????????????# ######## # + | | ??????????????????????## #?####### ######### | | ???????????????????????# ####???????# #???????? | | ???????????????????????## #??????????# #???????? | | ????????????????????????? ???????????# #???????? | | ?????????????????????????#???????????# #???????? | | ?????????????????????????????????????# #???????? | | ?????????????????????????????????????# ######### | | ?????????????????????????????????????# [ | | ?????????????????????????????????????# [= | | ?????????????????????????????????????# | | ?????????????????????????????????????# ######### | | ?????????????????????????????????????# #???????? | | ????????????????????????????????????# ???????? | | ??????????????????????????????????? ???????? | | ????????????????????????????????? ???????? | | ???????????????????????????????? ???????? | | ???????????????????????????????###### ???????? | | ????????????????????????????????????## #???????? | +----------------------------------------------------+ Best States ------------- Heat Dissipation 51 Energy Generation 14 Energy Capacity 250 Matter Stores 300 Matter Capacity 300 Sight Range 16 Terrain Scan Density 10 Evasion (%) 40 Recoil Reduction 2 Item Schematics ----------------- Hcp. Storage Unit | -10/Materials | Hacked Robot Schematics ------------------ None Fabricated ------------ Nothing Alien Tech Used ----------------- None Achievements -------------- None Challenges ------------ None Game ------ Seed IonControlWeb Manual? 0 Play Time 00:11:18 Cumulative 611.8 hours Start 2020.09.24 @ 09:27:30 End 2020.09.24 @ 09:35:33 Sessions 1 Manual Loads 0 Difficulty Rogue Special Mode None Game No. 943 Rogue 943 Adventurer 0 Explorer 0 Win Type - Total 58 Types 37/1/7/10/3/0/0/0/0 Lore% 93 Gallery% 94 Achievement% 82 Wizard Run 0 Options --------- ASCII 1 Keyboard 0 Movement Numpad Keybinds 0 Fullscreen 0 Font 14/SmallcapsGlow Map View 76x50 Tactical HUD 1 Map Filters NONE Filters NONE Steam 1 RUN: 0c5421a7-d3be-4bcf-865e-fd637aa42eb3